 Dungeon Crawl Stone Soup version 0.24.0-123-gd5b16e6ec5 (webtiles) character file.

Game seed: 7120484127117123872, levelgen mode: deterministic

225 Elellon the Conjurer (level 5, -7/42 HPs)
             Began as a Deep Elf Conjurer on Feb 8, 2020.
             Mangled by Menkaure (10 damage)
             ... on level 4 of the Dungeon.
             The game lasted 00:03:09 (1986 turns).

Elellon the Conjurer (Deep Elf Conjurer)            Turns: 1986, Time: 00:03:09

Health: -7/42      AC: 22    Str:  6    XL:     5   Next: 68%
Magic:  0/15       EV:  2    Int: 20    God:
Gold:   71         SH:  0    Dex: 15    Spells: 13/16 levels left

rFire    + . .     SeeInvis .   (no weapon)
rCold    + . .     Gourm    .   (no shield)
rNeg     + + +     Faith    .   (armour currently unavailable)
rPois    +         Spirit   .   (helmet currently unavailable)
rElec    +         Reflect  .   (cloak currently unavailable)
rCorr    +         Harm     .   (gloves currently unavailable)
MR       .....     NoTele   +   (boots currently unavailable)
Stlth    ++........             (no amulet)
HPRegen  0.14/turn              (no ring)
MPRegen  0.14/turn              (no ring)

@: tree-form, resistant, hasted, very quick
A: no striking features
a: no special abilities


You were on level 4 of the Dungeon.
You were not hungry.
You were a tree.
You visited 1 branch of the dungeon, and saw 3 of its levels.

You collected 71 gold pieces.

Inventory:

Armour
 a - a +0 robe (melded)
 q - a +1 hat (melded)
Jewellery
 d - an uncursed ring of resist corrosion {unknown}
 k - an uncursed ring of see invisible {unknown}
 m - a cursed amulet of inaccuracy {unknown}
Scrolls
 e - a scroll of magic mapping {unknown}
 f - 2 scrolls of teleportation {unknown}
 g - 2 scrolls of immolation {unknown}
 j - 2 scrolls of identify {unknown}
 o - 2 scrolls of remove curse {unknown}
 p - a scroll of enchant weapon
Potions
 n - a potion of curing
Comestibles
 c - 6 rations
 r - 2 chunks of flesh


   Skills:
 - Level 2.4 Dodging
 - Level 2.4 Stealth
 + Level 6.0 Spellcasting
 + Level 6.2 Conjurations


You had 13 spell levels left.
You knew the following spells:

 Your Spells              Type           Power        Failure   Level  Hunger
a - Magic Dart            Conj           ####         1%          1    None
b - Searing Ray           Conj           ####..       1%          2    None

Your spell library contained the following spells:

 Spells                   Type           Power        Failure   Level  Hunger
 Iskenderun's Mystic Bla  Conj           ####....     8%          4    ####...
 Dazzling Spray           Conj/Hex       ###...       9%          3    ##.....
 Force Lance              Conj/Tloc      ###.....     28%         4    ####...
 Fulminant Prism          Conj/Hex       ###.......   28%         4    ####...


Dungeon Overview and Level Annotations

Branches:
Dungeon (2/15)

Altars:
Uskayaw

Annotations:
D:4 Menkaure


Message History

You kill the hound!
Your Spellcasting skill increases to level 6!
You smack the orc!
You kill the orc!
You cannot move.
You cannot move.
Casting: Magic Dart (safe; 1% risk of failure)
Confirm with . or Enter, or press ? or * to list all spells.
Aiming: Searing Ray (safe; 1% risk of failure)
Press: ? - help, Shift-Dir - straight line, f - Menkaure
Aim: Menkaure (fast)
The searing ray hits Menkaure.
Menkaure is moderately damaged. (Press . to maintain the ray.)
The searing ray hits Menkaure.
Menkaure is heavily damaged.
Menkaure hits you but does no damage.
Without enough magic to sustain it, your searing ray dissipates.
Menkaure hits you!
You die...

#)..### #.....#
#.###.#### #o#
#..o.# #M# ####.#
#.######.#
#.##.o...#
####.##o###.....$.
#.♣Mo##)# #.......
#######o###.......
#o..........
####........
.#..#+## ..#


You could see Menkaure and an orc.

Vanquished Creatures
  Sigmund (D:4)
  A hound (D:4)
  An adder (D:2)
  4 dart slugs (D:1)
  3 orcs (D:4)
  5 hobgoblins
  5 jackals
  6 kobolds (D:1)
  2 bats
  3 frilled lizards (D:1)
  5 goblins (D:1)
  7 rats (D:1)
43 creatures vanquished.

Notes
Turn   | Place    | Note
-------+----------+-------------------------------------------
     0 | D:1      | Elellon the Deep Elf Conjurer began the quest for the Orb.
     0 | D:1      | Reached XP level 1. HP: 10/10 MP: 6/6
   192 | D:1      | Reached XP level 2. HP: 15/15 MP: 3/8
   203 | D:1      | Learned a level 2 spell: Searing Ray
   786 | D:1      | Reached skill level 5 in Conjurations
   786 | D:1      | Reached XP level 3. HP: 19/19 MP: 5/10
  1458 | D:2      | Found a hide-covered altar of Uskayaw.
  1937 | D:2      | You fall into a shaft and drop 2 floors!
  1937 | D:4      | Noticed Sigmund
  1949 | D:4      | Killed Sigmund
  1949 | D:4      | Reached skill level 5 in Spellcasting
  1949 | D:4      | Reached XP level 4. HP: 13/24 MP: 2/13
  1949 | D:4      | Reached XP level 5. HP: 15/28 MP: 2/15
  1959 | D:4      | Noticed Menkaure
  1974 | D:4      | HP: 1/28 [hound (2)]
  1986 | D:4      | Mangled by Menkaure

Levels and vault maps discovered:
D:1:      minmay_arrival_jagged, layout_loops_corners, st_stairs_3,
          minmay_pentomino_r4
D:2:      layout_basic, xom_teletrap_fun, elyvilon_altar_3,
          eat_drink_and_be_merry_uskayaw
D:4:      layout_basic, wad_orctagon, uniq_crazy_yiuf_cottage, uniq_sigmund,
          uniq_blork_the_orc, uniq_menkaure, uniq_grinder, uniq_natasha

Skill      XL: |  1  2  3  4  5 |
---------------+----------------+-----
Spellcasting   | 4 5 6 |  6.0
Conjurations   | 5 6 |  6.2
Dodging        | |  2.4
Stealth        | |  2.4

Action                   |  1- 3 |  4- 6 || total
-------------------------+-------+-------++-------
Melee: Unarmed           |       |     6 ||     6
 Cast: Magic Dart        |    75 |     2 ||    77
       Searing Ray       |     2 |     2 ||     4
  Use: Potion            |       |     4 ||     4
       Scroll            |       |     1 ||     1
  Eat: Chunk             |     3 |       ||     3
Armor: Robe              |     1 |     2 ||     3
       Skin              |       |     8 ||     8
Dodge: Dodged            |     7 |    11 ||    18
